cohdb
Replays
Latest Replays
All Replays
Popular Replays
Top Player Replays
Match Explorer
How It Works
Community
CoH3 Stats
Reddit
Sign in to upload your games and track your stats! →
Sign in with Steam
Match 45356404
Unlisted
Match 45356404
Overview
Messages
Build Orders
End
Kettenkrad Recon Vehicle
Construct Infanterie Kompanie
Selects Breakthrough Battlegroup
Selects Assault Grenadiers
MG 42 Machine Gun Team
Grenadier Squad
Grenadier Squad
Grenadier Squad
Infanterie Officer Quarters
Construct Panzergrenadier Kompanie
Pak 40 Anti-tank Gun Team
MG 42 Bunker
Grenadier Squad
Grenadier Squad
Construct Panzer Kompanie
Selects Rapid Production
Selects Blitzkrieg
Panzer IV Medium Tank
Support Elements
Nebelwerfer 42 Rocket Launcher Team
Panzer IV Medium Tank
Pioneer Squad
Marci.
Toxic teammate? Then i go afk
noony2351
Elite_1650
0
0
Comments
sign in to comment!
No comments posted yet!